 Dungeon Crawl Stone Soup version 0.25-a0-697-g890751e (webtiles) character file.

Game seed: 18340458060708123588, levelgen mode: deterministic

127682 shukka the Eclecticist (level 16, -3/100 HPs)
             Began as a Deep Elf Conjurer on Mar 31, 2020.
             Was a High Priest of Sif Muna.
             Slain by a wolf spider (19 damage)
             ... on level 4 of the Spider Nest on Apr 1, 2020.
             The game lasted 07:01:32 (32502 turns).

shukka the Eclecticist (Deep Elf Conjurer)         Turns: 32502, Time: 07:01:33

Health: -3/100     AC:  9    Str:  6      XL:     16   Next: 46%
Magic:  0/49       EV: 19    Int: 32 (33) God:    Sif Muna [*****.]
Gold:   273        SH:  4    Dex: 15      Spells: 0/52 levels left

rFire    + . .     SeeInvis .   m - staff of wizardry
rCold    + . .     Gourm    .   (no shield)
rNeg     . . .     Faith    .   Z - +1 leather armour "Orchomo" {Int+2}
rPois    .         Spirit   .   z - +0 helmet
rElec    .         Reflect  +   T - scarf {rC+ rF+}
rCorr    .         Harm     .   g - +0 pair of gloves
MR       +....                  D - +2 pair of boots {Fly}
Stlth    +.........             d - +4 amulet of reflection
HPRegen  0.26/turn              n - ring of magical power
MPRegen  0.31/turn              F - +4 ring of intelligence

@: flying, contaminated, glowing, invisible (but backlit and visible)
A: deterioration 1, mutation resistance 1
a: Channel Magic, Forget Spell, Divine Exegesis, Renounce Religion, Stop Flying


You were on level 4 of the Spider Nest.
You worshipped Sif Muna.
Sif Muna was extremely pleased with you.
You were not hungry.

You visited 5 branches of the dungeon, and saw 27 of its levels.
You visited 1 bazaar.
You also visited: Volcano.

You collected 1667 gold pieces.
You spent 1394 gold pieces at shops.

Inventory:

Hand Weapons
 v - the +6 great mace "Demaitiv" {vorpal, +Blink rPois Int+4 Stlth+}
   (You took it off a centaur warrior on level 13 of the Dungeon)

   It inflicts extra damage upon your enemies.
   It affects your intelligence (+4).
   It protects you from poison.
   It lets you blink.
   It makes you more stealthy.
 A - a +2 quick blade of flaming
 Q - a +5 spear
Missiles
 f - 5 datura-tipped darts (quivered)
 r - 347 arrows
Armour
 g - a +0 pair of gloves (worn)
 z - a +0 helmet (worn)
 B - a +2 robe of fire resistance
 C - a +2 buckler
 D - a +2 pair of boots of flying (worn)
 K - a +2 leather armour of magic resistance
 T - a scarf of resistance (worn)
 Z - the +1 leather armour "Orchomo" (worn) {Int+2}
   (You found it on level 8 of the Dungeon)

   It affects your intelligence (+2).
Magical Staves
 m - an uncursed staff of wizardry (weapon)
 I - an uncursed staff of fire
 U - an uncursed staff of cold
Jewellery
 d - a +4 amulet of reflection (around neck)
 n - a ring of magical power (left hand)
 y - an uncursed ring of protection from fire
 F - a +4 ring of intelligence (right hand)
 S - an uncursed amulet of magic regeneration
Wands
 h - a wand of flame (17)
 k - a wand of acid (18)
 H - a wand of disintegration (28)
 J - a wand of iceblast (28)
 R - a wand of scattershot (7)
Scrolls
 a - 2 scrolls of identify
 e - 2 scrolls of fog
 i - 8 scrolls of remove curse
 o - 3 scrolls of fear
 s - 5 scrolls of immolation
 t - 10 scrolls of teleportation
 u - 5 scrolls of enchant weapon
 w - 3 scrolls of blinking
 E - a scroll of enchant armour {unknown}
 M - a scroll of torment {unknown}
 N - 4 scrolls of magic mapping
 P - a scroll of acquirement {unknown}
 X - a scroll of holy word {unknown}
Potions
 b - 3 potions of resistance
 l - 5 potions of flight
 q - 8 potions of brilliance
 x - 6 potions of curing
 G - 3 potions of cancellation {unknown}
 L - 4 potions of haste
 O - 2 potions of stabbing
 W - a potion of might
 Y - 7 potions of heal wounds
Miscellaneous
 j - a phial of floods
 p - a lightning rod (4/4)
Comestibles
 c - 33 rations


   Skills:
 - Level 11.3 Fighting
 - Level 3.5 Armour
 - Level 12.0 Dodging
 - Level 3.0 Stealth
 - Level 4.0 Shields
 - Level 18.5 Spellcasting
 - Level 15.1 Conjurations
 - Level 11.7 Hexes
 - Level 5.0 Charms
 + Level 0.5 Summonings
 - Level 2.0 Translocations
 - Level 2.0 Ice Magic
 - Level 5.1 Invocations


You couldn't memorise any spells.
You knew the following spells:

 Your Spells              Type           Power        Failure   Level  Hunger
a - Magic Dart            Conj           ####         0%          1    None
b - Searing Ray           Conj           ######       0%          2    None
c - Fulminant Prism       Conj/Hex       #######...   1%          4    None
d - Animate Skeleton      Necr           N/A          1%          1    None
e - Iskenderun's Mystic   Conj/Tloc      ######..     1%          4    None
f - Iskenderun's Battles  Conj/Chrm      #######.     1%          5    None
g - Blink                 Tloc           N/A          1%          2    None
h - Ozocubu's Armour      Chrm/Ice       ######..     1%          3    None
i - Cause Fear            Hex            #######...   1%          4    None
j - Invisibility          Hex            #######.     1%          6    None
k - Spellforged Servitor  Conj/Summ      ######....   26%         7    ###....
l - Call Imp              Summ           ####....     1%          2    None
m - Orb of Destruction    Conj           #######...   1%          7    ###....
n - Shroud of Golubria    Chrm/Tloc      ######       1%          2    None
o - Passwall              Tmut/Erth      ####....     1%          2    None

Your spell library contained the following spells:

 Spells                   Type           Power        Failure   Level  Hunger
 Corona                   Hex            #######      0%          1    None
 Slow                     Hex            #######.     0%          2    None
 Dazzling Flash           Conj/Hex       ######       0%          3    None
 Apportation              Tloc           #####.       1%          1    None
 Foxfire                  Conj/Fire      ####         1%          1    None
 Freeze                   Ice            ####         1%          1    None
 Pain                     Necr           ####         1%          1    None
 Shock                    Conj/Air       ####         1%          1    None
 Summon Butterflies       Summ           ####....     1%          1    None
 Summon Small Mammal      Summ           ####         1%          1    None
 Swiftness                Chrm/Air       #####...     1%          2    None
 Call Canine Familiar     Summ           ####....     1%          3    None
 Conjure Flame            Conj/Fire      ######..     1%          3    None
 Frozen Ramparts          Ice            #####.       1%          3    None
 Gell's Gravitas          Tloc           #####.....   1%          3    None
 Inner Flame              Hex/Fire       ######..     1%          3    None
 Lesser Beckoning         Tloc           #####.....   1%          3    None
 Mephitic Cloud           Conj/Pois/Air  ######..     1%          3    None
 Spectral Weapon          Hex/Chrm       ######..     1%          3    None
 Static Discharge         Conj/Air       ######..     1%          3    None
 Stone Arrow              Conj/Erth      ######       1%          3    None
 Summon Guardian Golem    Hex/Summ       ######..     1%          3    None
 Teleport Other           Tloc           #####...     1%          3    None
 Tukima's Dance           Hex            #######.     1%          3    None
 Hailstorm                Conj/Ice       ######..     1%          4    None
 Irradiate                Conj/Tmut      ######....   1%          5    None
 Lightning Bolt           Conj/Air       ######....   1%          5    None
 Yara's Violent Unravell  Hex/Tmut       ######....   1%          5    None
 Darkness                 Hex            #######...   1%          6    None
 Ignite Poison            Fire/Tmut/Pois ####....     2%          3    None
 Vampiric Draining        Necr           ####......   2%          3    None
 Bolt of Magma            Conj/Fire/Erth ######....   2%          5    None
 Passage of Golubria      Tloc           N/A          3%          4    None
 Summon Ice Beast         Ice/Summ       #####...     4%          4    None
 Ice Form                 Ice/Tmut       #####...     5%          4    None
 Iron Shot                Conj/Erth      ######....   5%          6    None
 Starburst                Conj/Fire      ######....   5%          6    None
 Summon Lightning Spire   Summ/Air       ####....     7%          4    None
 Animate Dead             Necr           N/A          8%          4    None
 Agony                    Necr           ####....     21%         5    None
 Alistair's Intoxication  Tmut/Pois      ####....     21%         5    None
 Lee's Rapid Deconstruct  Erth           ####......   21%         5    None
 Discord                  Hex            #######...   36%         8    #####..
 Statue Form              Tmut/Erth      ####.....    71%         6    None
 Dragon Form              Tmut           ####......   99%         7    ###....
 Ignition                 Fire           ####......   100%        8    #####..
 Necromutation            Tmut/Necr      ####......   100%        8    #####..
 Shatter                  Erth           ####......   100%        9    ######.
 Tornado                  Air            ####......   100%        9    ######.


Dungeon Overview and Level Annotations

Branches:
Dungeon (14/15)            Temple (1/1) D:6            Lair (6/6) D:11
  Swamp (0/4) Lair:3       Spider (4/4) Lair:2        Slime (0/5) Lair:6
    Orc (2/2) D:9             Elf (0/3) Orc:2        Vaults (0/5) D:13
Volcano (visited)

Altars:
Ashenzari
Cheibriados
Dithmenos
Elyvilon
Fedhas
Gozag
Hepliaklqana
Kikubaaqudgha
Makhleb
Nemelex Xobeh
Okawaru
Qazlal
Ru
Sif Muna
Trog
Uskayaw
Vehumet
Wu Jian
Xom
Yredelemnul
Zin
The Shining One

Shops:
D:6 *}:   D:9 (   D:11 =

Annotations:
D:8 3 runed translucent doors, Harold; Raizusai's ghost, novice DrCj
D:9 3 runed translucent doors
D:10 3 runed translucent doors, Dittersdorf's ghost, journeyman GrFi
D:14 Louise
Lair:5 3 runed translucent doors, Caylo's ghost, journeyman DDFi; Donnunt's ghost, journeyman DDFi; Wosiph's ghost, journeyman OpVM


Innate Abilities, Weirdness & Mutations

Your body sometimes deteriorates upon taking damage.
You are somewhat resistant to further mutation.


Message History

Your body deteriorates!
You feel dopey. The demonic crawler hits you!
You block the demonic crawler's attack. The demonic crawler barely misses you.
You feel you are being watched by something.
You feel your power leaking away. The wolf spider hits you!
The wolf spider barely misses you. The wolf spider hits you!!
* * * LOW HITPOINT WARNING * * *
The wolf spider bites you but does no damage.
The wolf spider hits you!
* * * LOW HITPOINT WARNING * * *
You block the wolf spider's attack.
Your fulminant prism crackles loudly.
You completely miss the demonic crawler.
The demonic crawler is moderately wounded.
A jumping spider comes into view.
The demonic crawler closely misses you. The demonic crawler barely misses you.
The demonic crawler completely misses you.
The wolf spider hits you!!
You die...

#........
##.../....
##.....†...
...^......
###........s
#.^..*.s....
##...........
##^..ss.......
#..^..@s%...^.
#..^..ss.(^...
#.........{...
#......)^......
###.......^...[
#^..#^.......
###^#.....^..
##..^......


You could see a demonic crawler, 4 wolf spiders, an orb spider, a jumping spider
and a friendly fulminant prism.

Vanquished Creatures
  Rupert (Spider:1)
  Kirke (Spider:1)
  An entropy weaver (Spider:1)
  Nessos (D:12)
  Azrael (D:12)
  An ogre mage (D:10)
  Josephine (D:10)
  5 vault guards (D:13)
  5 hydras
  2 two-headed ogres
  A centaur warrior (D:13)
  Urug (D:12)
  Nergalle (Orc:1)
  3 unseen horrors
  Pikel (D:8)
  A lindwurm (Lair:4)
  9 orb spiders
  18 wolf spiders
  2 ugly things (Volcano)
  4 cyclopes
  A deep elf mage (D:13)
  An orc sorcerer (Volcano)
  5 black mambas
  An ice statue (Spider:2)
  A torpor snail (Lair:3)
  Psyche (D:8)
  21 spiny frogs
  2 molten gargoyles (Volcano)
  A smoke demon (Volcano)
  A gargoyle (D:10)
  2 kobold demonologists (D:13)
  5 komodo dragons
  A freezing wraith (D:13)
  7 demonic crawlers
  2 red devils (Volcano)
  3 meliai (Spider:3)
  3 trolls
  21 jumping spiders
  A polar bear (Lair:3)
  A tengu conjurer (D:13)
  4 hornets
  3 slime creatures
  3 bog bodies (Lair:3)
  6 hippogriffs
  22 blink frogs
  20 dream sheep
  3 tyrant leeches (Lair:6)
  48 redbacks
  A shadow (D:13)
  24 tarantellas
  7 wraiths
  8 spriggans (Lair:2)
  2 hogs (Spider:2)
  2 wyverns
  2 fire elementals (D:12)
  5 fire bats (Volcano)
  5 humans
  A steam dragon (Lair:4)
  50 yaks
  3 basilisks
  6 hungry ghosts
  6 vampire mosquitoes (Lair:6)
  14 water moccasins
  3 swamp worms (Lair:3)
  2 hell hounds (D:12)
  4 porcupines
  A hornet zombie (D:8)
  5 orc warriors
  An eye of draining (D:11)
  4 slaves (D:8)
  3 ice beasts
  3 black bears
  A sky beast (D:13)
  2 phantoms
  4 centaurs
  7 ogres
  5 crocodiles
  3 wolves (Lair:1)
  3 big kobolds
  26 bullfrogs
  23 scorpions
  5 wights (D:9)
  4 howler monkeys
  11 electric eels
  A jelly (D:9)
  5 lava snakes (Volcano)
  3 bullfrog zombies
  7 crimson imps
  A centaur zombie (D:6)
  10 orc priests
  5 hounds
  10 orc wizards
  2 bullfrog skeletons
  2 centaur skeletons
  Jessica (D:2)
  12 worker ants
  Ijyb (D:4)
  Terence (D:3)
  Natasha (thrice) (D:3)
  4 iguanas
  A bullfrog simulacrum (D:9)
  A hound skeleton (D:4)
  2 howler monkey skeletons
  Robin (D:4)
  8 gnolls
  17 adders
  4 shadow imps
  2 oozes
  An adder skeleton (D:5)
  2 adder zombies
  3 worms
  3 dart slugs
  4 leopard geckos
  39 orcs
  A bat zombie (D:1)
  3 giant cockroaches
  4 hobgoblins
  21 jackals
  6 quokkas
  4 bats
  10 frilled lizards
  18 goblins
  13 kobolds
  2 quokka zombies
  11 rats
  A fulminant prism (Spider:4)
  A fungus (Lair:4)
  6 plants (Lair:6)
763 creatures vanquished.

Vanquished Creatures (collateral kills)
  Maggie (D:8)
  A spiny frog (Lair:6)
  A tyrant leech (Lair:6)
  A dream sheep (Lair:3)
  6 yaks
  A basilisk (Lair:2)
  3 humans (D:13)
  2 water moccasins (Lair:3)
  An orc warrior (Orc:1)
  A porcupine (Lair:3)
  A black bear (D:9)
  A phantom (D:11)
  6 bullfrogs
  4 wights (D:9)
  3 hounds
  2 iguanas
  An orc wizard (Orc:1)
  A worker ant zombie (D:7)
  A shadow imp (D:11)
  2 orcs
  2 fungi
42 creatures vanquished.

Vanquished Creatures (others)
  A centaur warrior (D:10)
  A redback (Spider:2)
  4 humans (Spider:2)
  An eye of draining (D:12)
  A centaur (D:10)
  A bush (Lair:5)
  383 fulminant prisms
  11 fungi
  36 plants
439 creatures vanquished.

Grand Total: 1244 creatures vanquished

Notes
Turn   | Place    | Note
-------+----------+-------------------------------------------
     0 | D:1      | shukka the Deep Elf Conjurer began the quest for the Orb.
     0 | D:1      | Reached XP level 1. HP: 10/10 MP: 6/6
    34 | D:1      | Found a shattered altar of Ashenzari,
   324 | D:1      | Reached XP level 2. HP: 15/15 MP: 5/8
   328 | D:1      | Learned a level 2 spell: Searing Ray
  1189 | D:2      | Reached skill level 4 in Spellcasting
  1200 | D:2      | Noticed Jessica
  1210 | D:2      | Killed Jessica
  1210 | D:2      | Reached skill level 5 in Conjurations
  1210 | D:2      | Reached XP level 3. HP: 19/19 MP: 7/10
  1501 | D:2      | Reached XP level 4. HP: 18/24 MP: 7/12
  1507 | D:2      | Learned a level 4 spell: Fulminant Prism
  1838 | D:2      | Reached skill level 1 in Hexes
  2071 | D:3      | Noticed Terence
  2086 | D:3      | Killed Terence
  2086 | D:3      | Reached skill level 5 in Spellcasting
  2086 | D:3      | Reached XP level 5. HP: 7/28 MP: 5/14
  2538 | D:3      | Noticed Natasha
  2624 | D:3      | Killed Natasha
  2635 | D:3      | Found an ornate altar of the Wu Jian Council,
  2805 | D:3      | Noticed Natasha
  2809 | D:3      | Killed Natasha
  3113 | D:4      | Noticed Robin
  3117 | D:4      | Noticed Ijyb
  3121 | D:4      | Reached XP level 6. HP: 26/32 MP: 11/16
  3380 | D:3      | Noticed Natasha
  3388 | D:3      | Killed Natasha
  3554 | D:4      | Learned a level 1 spell: Animate Skeleton
  3605 | D:4      | Killed Ijyb
  3751 | D:5      | Entered Level 5 of the Dungeon
  3902 | D:5      | Found an iron altar of Okawaru,
  4074 | D:6      | Found an opulent altar of Gozag,
  4074 | D:6      | Found a sparkling altar of Nemelex Xobeh,
  4087 | D:6      | Reached skill level 6 in Spellcasting
  4087 | D:6      | Reached skill level 5 in Hexes
  4708 | D:5      | Reached skill level 1 in Fighting
  4708 | D:5      | Reached XP level 7. HP: 38/38 MP: 13/18
  5173 | D:4      | Killed Robin
  5630 | D:4      | Found a shimmering blue altar of Sif Muna,
  5633 | D:4      | Became a worshipper of Sif Muna the Loreminder
  6153 | D:6      | Found Julacyso's Assorted Antiques,
  6164 | D:6      | Bought a pair of embroidered boots for 210 gold pieces
  6210 | D:6      | Noticed a yak
  6213 | D:6      | Noticed a yak
  6213 | D:6      | Noticed a yak
  6213 | D:6      | Noticed a yak
  6213 | D:6      | Noticed a yak
  6220 | D:6      | Killed a yak
  6220 | D:6      | Reached skill level 5 in Dodging
  6223 | D:6      | Killed a yak
  6223 | D:6      | Reached XP level 8. HP: 46/46 MP: 16/19
  6420 | D:6      | Found a staircase to the Ecumenical Temple,
  6427 | Temple   | Entered the Ecumenical Temple
  6767 | D:6      | Found Soerelych's Gadget Boutique,
  6810 | D:6      | Found Xommaah's Book Emporium,
  7279 | D:7      | Reached * piety under Sif Muna
  7282 | D:7      | Reached skill level 1 in Shields
  7401 | D:7      | Reached skill level 5 in Fighting
  7411 | D:7      | Reached XP level 9. HP: 50/54 MP: 15/20
  8216 | D:8      | Found a runed translucent gate,
  8217 | D:8      | Found a runed translucent gate,
  8218 | D:8      | Found a runed translucent gate,
  8219 | D:8      | Noticed Raizusai's ghost (novice DrCj)
  8220 | D:8      | Noticed a cyclops
  8229 | D:8      | Noticed Harold
  8331 | D:8      | Found a shimmering altar of Xom,
  8581 | D:8      | Found a snail-covered altar of Cheibriados,
  8812 | D:8      | Reached ** piety under Sif Muna
  8812 | D:8      | Reached skill level 7 in Spellcasting
  8826 | D:8      | Noticed Maggie
  8838 | D:9      | Found Naupn's Weapon Emporium,
  8907 | D:9      | Learned a level 4 spell: Iskenderun's Mystic Blast
  9035 | D:9      | Reached skill level 1 in Translocations
  9245 | D:9      | Found a shattered altar of Ashenzari,
  9318 | D:9      | Reached XP level 10. HP: 60/60 MP: 16/23
  9453 | D:9      | Found a staircase to the Orcish Mines,
  9467 | D:9      | Found a runed translucent door,
  9467 | D:9      | Found a runed translucent door,
  9467 | D:9      | Noticed a catoblepas
  9467 | D:9      | Noticed a centaur warrior
  9467 | D:9      | Noticed a purple ugly thing
  9467 | D:9      | Noticed a deep elf mage
  9468 | D:9      | Noticed a fire giant
  9511 | D:9      | Reached skill level 8 in Spellcasting
  9620 | D:9      | Noticed a two-headed ogre
  9625 | D:9      | Paralysed by a hornet for 1 turns
  9634 | D:9      | Reached *** piety under Sif Muna
  9948 | D:9      | Found a runed translucent door,
  9984 | D:9      | Got a distressingly furry leather armour
  9989 | D:9      | Got an ancient wooden ring
 10080 | D:10     | Entered Level 10 of the Dungeon
 10090 | D:10     | Identified the ring "Roshri" {*Tele MR+ Str+4} (You found
                  | it on level 9 of the Dungeon)
 10110 | D:10     | Reached skill level 1 in Invocations
 10176 | D:10     | Noticed Josephine
 10181 | D:10     | Killed Josephine
 10181 | D:10     | Reached skill level 9 in Spellcasting
 10368 | D:10     | Noticed a gargoyle
 10383 | D:10     | Killed a gargoyle
 10516 | D:10     | Noticed a centaur warrior
 10525 | D:10     | Killed a centaur warrior
 10525 | D:10     | Reached XP level 11. HP: 67/67 MP: 15/26
 10538 | D:10     | Learned a level 5 spell: Iskenderun's Battlesphere
 10741 | D:10     | Reached skill level 1 in Charms
 10749 | D:10     | Noticed a two-headed ogre
 10844 | D:10     | Identified the +1 leather armour of Hysteria {*Corrode +Inv
                  | Str+4} (You found it on level 9 of the Dungeon)
 10894 | D:10     | Found a runed translucent gate,
 10894 | D:10     | Found a runed translucent gate,
 10894 | D:10     | Found a runed translucent gate,
 10895 | D:10     | Noticed Dittersdorf's ghost (journeyman GrFi)
 11242 | D:10     | Noticed an ogre mage
 11251 | D:10     | Killed an ogre mage
 11251 | D:10     | Reached skill level 10 in Spellcasting
 11400 | D:10     | Killed a two-headed ogre
 11400 | D:10     | Reached skill level 5 in Invocations
 11794 | Orc:1    | Entered Level 1 of the Orcish Mines
 11813 | Orc:1    | Noticed Nergalle
 11826 | Orc:1    | Killed Nergalle
 11920 | D:9      | Reached **** piety under Sif Muna
 12259 | Orc:1    | You fall into a shaft and drop 1 floor!
 12259 | Orc:2    | Entered Level 2 of the Orcish Mines
 12259 | Orc:2    | Noticed an orc high priest
 12259 | Orc:2    | Noticed an orc knight
 12259 | Orc:2    | Noticed an orc knight
 12260 | Orc:2    | Noticed an orc high priest
 12261 | Orc:2    | Noticed an orc high priest
 12262 | Orc:2    | Noticed an orc knight
 12263 | Orc:2    | Noticed an orc knight
 12263 | Orc:2    | Noticed an orc knight
 12275 | Orc:2    | Found a staircase to the Elven Halls,
 12286 | Orc:2    | Noticed an orc sorcerer
 12335 | Orc:1    | Noticed an orc sorcerer
 12539 | Orc:1    | Reached skill level 5 in Charms
 12890 | D:6      | Bought a book of Minor Magic for 200 gold pieces
 12893 | D:6      | Learned a level 2 spell: Blink
 12893 | D:6      | Bought a book of Frost for 350 gold pieces
 12897 | D:6      | Learned a level 3 spell: Ozocubu's Armour
 12901 | D:6      | Learned a level 3 spell: Frozen Ramparts
 12974 | D:8      | Noticed Psyche
 12995 | D:8      | Killed Psyche
 13193 | D:8      | Reached skill level 1 in Ice Magic
 13200 | D:8      | Found a shadowy altar of Dithmenos,
 13221 | D:8      | Got a smoking leather armour
 13232 | D:8      | Identified the +1 leather armour "Orchomo" {Int+2} (You
                  | found it on level 8 of the Dungeon)
 13263 | D:8      | Found a hazy altar of Hepliaklqana,
 13278 | D:8      | Killed Maggie
 13363 | D:8      | Noticed Pikel
 13478 | D:8      | Killed Pikel
 13478 | D:8      | Reached skill level 10 in Conjurations
 13791 | D:8      | Found an iron altar of Okawaru,
 13792 | D:8      | Found a stormy altar of Qazlal,
 13853 | D:9      | Reached skill level 1 in Armour
 14150 | D:11     | Noticed a two-headed ogre
 14155 | D:11     | Killed a two-headed ogre
 14155 | D:11     | Reached skill level 11 in Spellcasting
 14169 | D:11     | Reached XP level 12. HP: 74/74 MP: 6/29
 14602 | D:11     | Found Godaxod's Jewellery Boutique,
 14605 | D:11     | Found a staircase to the Lair,
 15120 | Lair:1   | Entered Level 1 of the Lair of Beasts
 15593 | Lair:1   | Noticed an eight-headed hydra
 15988 | Lair:1   | Killed an eight-headed hydra
 16008 | Lair:1   | Learned a level 6 spell: Invisibility
 16567 | Lair:2   | Found a hole to the Spider Nest,
 16606 | Lair:2   | Found a basalt altar of Yredelemnul,
 16647 | Lair:2   | Reached skill level 12 in Spellcasting
 16647 | Lair:2   | Reached ***** piety under Sif Muna
 17324 | Lair:2   | Received a gift from Sif Muna
 18066 | Spider:1 | Entered Level 1 of the Spider Nest
 18171 | Lair:3   | Learned a level 3 spell: Teleport Other
 18323 | Lair:3   | Reached skill level 10 in Hexes
 18335 | Lair:3   | Reached XP level 13. HP: 79/79 MP: 24/31
 18932 | Lair:3   | Found a staircase to the Swamp,
 19261 | Lair:4   | Reached skill level 13 in Spellcasting
 19738 | Lair:4   | Found a dark tunnel,
 19752 | Volcano  | Entered a volcano
 19756 | Volcano  | Learned a level 2 spell: Call Imp
 19810 | Volcano  | Reached skill level 10 in Dodging
 20000 | Volcano  | Identified Sif Muna's Compendium of Arcane Weapons and
                  | Changing (Sif Muna gifted it to you in a volcano)
 20000 | Volcano  | Received a gift from Sif Muna
 20195 | Volcano  | Found a bloodstained altar of Trog,
 20949 | Lair:5   | Found a runed translucent gate,
 20949 | Lair:5   | Found a runed translucent gate,
 20949 | Lair:5   | Found a runed translucent gate,
 20950 | Lair:5   | Noticed Caylo's ghost (journeyman DDFi)
 20951 | Lair:5   | Noticed Wosiph's ghost (journeyman OpVM)
 20951 | Lair:5   | Noticed Donnunt's ghost (journeyman DDFi)
 21050 | Lair:5   | Reached skill level 10 in Fighting
 21050 | Lair:5   | Reached XP level 14. HP: 88/88 MP: 33/33
 21284 | Lair:5   | Reached skill level 14 in Spellcasting
 21897 | Lair:6   | Entered Level 6 of the Lair of Beasts
 22459 | Lair:6   | Reached XP level 15. HP: 92/92 MP: 22/35
 22462 | Lair:6   | Reached skill level 15 in Spellcasting
 22462 | Lair:6   | Identified Sif Muna's Catalogue of Creative Curses (Sif
                  | Muna gifted it to you on level 6 of the Lair of Beasts)
 22462 | Lair:6   | Received a gift from Sif Muna
 23249 | Lair:6   | Learned a level 7 spell: Orb of Destruction
 23942 | Lair:6   | Found a staircase to the Slime Pits,
 24085 | D:12     | Noticed Urug
 24161 | D:12     | Noticed Nessos
 24169 | D:12     | Killed Nessos
 24817 | D:11     | Learned a level 2 spell: Shroud of Golubria
 24825 | D:12     | Killed Urug
 24825 | D:12     | Reached skill level 16 in Spellcasting
 25150 | D:12     | Noticed Azrael
 25175 | D:12     | Killed Azrael
 25403 | D:13     | Identified Joddoxt's Compendium of Unholy Earth (Sif Muna
                  | gifted it to you on level 13 of the Dungeon)
 25403 | D:13     | Received a gift from Sif Muna
 25433 | D:13     | Identified the +6 great mace "Demaitiv" {vorpal, +Blink
                  | rPois Int+4 Stlth+}
 25523 | D:13     | Gained mutation: You are somewhat resistant to further
                  | mutation. [mutagenic glow]
 25645 | D:13     | Found a gate to the Vaults,
 25754 | D:13     | Found a flickering gateway to a bazaar,
 25766 | Bazaar   | Entered a bazaar
 25784 | Bazaar   | Found Ynliceq's Assorted Antiques,
 25806 | Bazaar   | Found Kaymogg's General Store,
 25806 | Bazaar   | Found Ludoit's Armour Emporium,
 25827 | Bazaar   | Found Wykiliasetz's Book Emporium,
 25898 | Bazaar   | Bought a fizzy orange potion for 34 gold pieces
 25933 | Bazaar   | Bought a book of Burglary for 600 gold pieces
 25939 | Bazaar   | Learned a level 2 spell: Passwall
 26987 | D:14     | Noticed Louise
 27518 | Spider:1 | Reached skill level 15 in Conjurations
 27647 | Spider:1 | Reached skill level 17 in Spellcasting
 28814 | Spider:1 | Noticed Rupert
 28824 | Spider:1 | Killed Rupert
 28978 | Spider:1 | Identified Sif Muna's Disquisition on Arcane Weapons (Sif
                  | Muna gifted it to you on level 1 of the Spider Nest)
 28978 | Spider:1 | Received a gift from Sif Muna
 29220 | Spider:2 | Noticed Kirke
 29388 | Spider:1 | Killed Kirke
 29388 | Spider:1 | Reached XP level 16. HP: 93/99 MP: 31/39
 29953 | Spider:1 | Learned a level 4 spell: Cause Fear
 30129 | Spider:1 | Reached skill level 18 in Spellcasting
 31894 | Spider:3 | Identified Sif Muna's Volume of Enchanting Transformation
                  | (Sif Muna gifted it to you on level 3 of the Spider Nest)
 31894 | Spider:3 | Received a gift from Sif Muna
 32078 | Spider:2 | Gained mutation: Your body sometimes deteriorates upon
                  | taking damage. [mutagenic glow]
 32480 | Spider:3 | Learned a level 7 spell: Spellforged Servitor
 32488 | Spider:4 | Entered Level 4 of the Spider Nest
 32502 | Spider:4 | Slain by a wolf spider

Levels and vault maps discovered:
D:1:      saegor_arrival_fortress, layout_loops_ring, evilmike_ruin_ashenzari
D:2:      layout_loops_ring, uniq_jessica
D:3:      layout_loops_cross, old_standard_altar, minmay_box_of_dots,
          uniq_terence, uniq_natasha
D:4:      layout_basic, first_ration, lemuel_blue_sif_altar, uniq_ijyb,
          uniq_robin
D:5:      layout_cave_pods, minivault_5, okawaru_metal_pillars_3
D:6:      layout_rooms, minmay_temple_entry_overgrown, serial_shops,
          kennysheep_mini_moat, shop, kennysheep_little_box, basic_altar,
          nemelex_xobeh_ov_fountains_minmay
D:7:      layout_rooms, serial_curves, eino_curves_01, eino_curves_02,
          kennysheep_crisscross
D:8:      layout_loops_corners, lemuel_coloured_pillars_altar, xom_teletrap_fun,
          nicolae_overflow_hidden_temple, gammafunk_temple_overflow_pools,
          basic_altar, gammafunk_ghost_split, uniq_harold, uniq_pikel,
          uniq_psyche, uniq_maggie
D:9:      minmay_the_grid_triangle_9x9_rhombus_thin_mashed
          [minmay_the_grid_triangle_9x9_checkered,
          minmay_the_grid_triangle_9x9_prize_top_heavy,
          minmay_the_grid_triangle_9x9_flanged_cone,
          minmay_the_grid_triangle_9x9_fully_insulated_deathbox], layout_rooms,
          kennysheep_mini, orc_0_dummy, serial_shops, shop
D:10:     kennysheep_blocky_room, layout_loops_ring, ebering_ghost_rock_garden,
          uniq_josephine
D:11:     layout_loops_ring, lair_entry_dummy, serial_shops, shop
D:12:     layout_loops_cross, uniq_urug, uniq_azrael, uniq_nessos
D:13:     layout_basic, ximxim_vaults_locker_room, serial_aquarium,
          aquarium_bridge_square [aquarium_subvault_wall,
          aquarium_subvault_balcony, aquarium_subvault_bridge,
          aquarium_subvault_wall], aquarium_window_corridor_2,
          aquarium_window_fake, aquarium_view_2b, serial_shops,
          bzr_entry_lakeside
D:14:     layout_roguey, chequers_arboretum, enter_bailey_2, uniq_louise,
          uniq_roxanne, uniq_jorgrun
Temple:   regret_index_temple_waves
Lair:1:   layout_layer_cave
Lair:2:   kb_forest_paths, layout_chaotic_city, dummy_spider_entry, basic_altar,
          st_stairs_8, cheibrodos_lair_reptile_den
Lair:3:   layout_chaotic_city, nicolae_swamp_entry_splash_gauntlet,
          patterned_corridor, grunt_megastairs_5
Lair:4:   layout_misc_corridors, nicolae_volcano_entry_vermiform
Lair:5:   layout_gridlike, gammafunk_ghost_cemetery, serial_bayou_lake_a,
          grunt_megastairs_3
Lair:6:   minmay_lair_end_frog_pond, layout_regular_city,
          dpeg_slime_entry_corner, serial_bayou_pond_c,
          chequers_serial_rivers_large_b, serial_bayou_shore_a
Spider:1: layout_spider_delve, nicolae_spider_nook, uniq_rupert
Spider:2: layout_spider_delve, portal_ice_cave_entry_ice_statue_one, drop_trap,
          guppyfry_spider_mini_3, uniq_kirke
Spider:3: spiders_nest_a
Spider:4: spider_rune_water
Orc:1:    layout_caves, mines2_lemuel, uniq_nergalle
Orc:2:    st_orc_pillars, layout_caves, basic_altar, serial_shops, shop_statue

Skill      XL: |  1  2  3  4  5  6  7  8  9 10 11 12 13 14 15 16 |
---------------+-------------------------------------------------+-----
Spellcasting   | 4 5 6 7 9 11 12 13 14 17 18 | 18.5
Conjurations   | 5 6 7 9 10 11 12 13 15 | 15.1
Hexes          | 2 4 5 6 10 11 | 11.7
Fighting       | 1 3 5 6 7 8 10 11 | 11.3
Dodging        | 3 5 7 9 10 11 12 | 12.0
Shields        | 1 3 4 |  4.0
Translocations | 2 |  2.0
Invocations    | 4 5 |  5.1
Charms         | 5 |  5.0
Ice Magic      | 2 |  2.0
Armour         | 1 2 3 |  3.5
Stealth        | 3 |  3.0
Summonings     | |  0.5

Action                   |  1- 3 |  4- 6 |  7- 9 | 10-12 | 13-15 | 16-18 || total
-------------------------+-------+-------+-------+-------+-------+-------++-------
Melee: Dagger            |     7 |     7 |     1 |     3 |       |       ||    18
       Staff             |       |       |       |    10 |     1 |     1 ||    12
       Quick blade       |       |       |       |       |     4 |       ||     4
       Great mace        |       |       |       |       |     7 |     1 ||     8
 Cast: Magic Dart        |    42 |   101 |   127 |   106 |   319 |   127 ||   822
       Searing Ray       |     4 |    18 |    41 |    74 |    38 |    12 ||   187
       Fulminant Prism   |       |    12 |    37 |   145 |   155 |    36 ||   385
       Animate Skeleton  |       |     2 |    24 |    54 |    41 |     2 ||   123
       Iskenderun's Myst |       |       |       |    13 |    13 |    18 ||    44
       Iskenderun's Batt |       |       |       |    29 |    86 |    25 ||   140
       Frozen Ramparts   |       |       |       |     5 |     3 |       ||     8
       Ozocubu's Armour  |       |       |       |     3 |       |     1 ||     4
       Call Imp          |       |       |       |       |    23 |     1 ||    24
       Blink             |       |       |       |       |     3 |     4 ||     7
       Invisibility      |       |       |       |       |    16 |    13 ||    29
       Orb of Destructio |       |       |       |       |    12 |     6 ||    18
       Shroud of Golubri |       |       |       |       |     5 |    15 ||    20
       Teleport Other    |       |       |       |       |     1 |       ||     1
       Cause Fear        |       |       |       |       |       |     2 ||     2
Invok: Channel Magic     |       |       |       |     2 |     1 |       ||     3
       Forget Spell      |       |       |       |       |     1 |       ||     1
 Abil: Stop Flying       |       |       |     1 |       |       |       ||     1
       Evoke Flight      |       |       |       |       |     1 |       ||     1
Evoke: Wand              |       |       |       |       |     1 |       ||     1
  Use: Scroll            |     2 |     5 |       |    12 |     8 |       ||    27
       Potion            |       |     4 |       |     3 |     1 |       ||     8
 Stab: Sleeping          |       |       |       |     2 |       |       ||     2
  Eat: Chunk             |     1 |    10 |    13 |    26 |    14 |     2 ||    66
       Ration            |       |     1 |     1 |     2 |     7 |     2 ||    13
Armor: Robe              |     1 |     4 |     9 |     7 |       |       ||    21
       Skin              |       |     1 |       |       |       |       ||     1
       Troll leather arm |       |       |       |    16 |       |       ||    16
       Leather armour    |       |       |       |       |    28 |    27 ||    55
Dodge: Dodged            |    14 |    23 |    35 |    78 |   144 |   160 ||   454
Block: Other             |     7 |     8 |     2 |       |    21 |    34 ||    72
       Buckler           |       |       |    27 |    59 |    60 |       ||   146
       Reflection        |       |       |     1 |     9 |     6 |       ||    16

Table legend:
 A = Non-vault XP
 B = Vault XP
 C = Vault XP percentage of total XP
 D = Non-vault monster count
 E = Vault monster count
 F = Vault count percentage of total count
                 A         B        C        D         E       F
            +---------+---------+-------+---------+---------+-------
      Total |   93402 |   54736 |  36.9 |     579 |     214 |  27.0
            +---------+---------+-------+---------+---------+-------
        D:1 |      21 |       7 |  25.0 |      16 |       2 |  11.1
        D:2 |      61 |      37 |  37.8 |      18 |       1 |   5.3
        D:3 |     193 |      79 |  29.0 |      36 |       7 |  16.3
        D:4 |     294 |      64 |  17.9 |      16 |      10 |  38.5
        D:5 |     252 |       0 |   0.0 |       8 |       0 |   0.0
        D:6 |    1330 |       0 |   0.0 |      24 |       0 |   0.0
        D:7 |    1027 |       0 |   0.0 |      34 |       0 |   0.0
        D:8 |    1195 |    1430 |  54.5 |      22 |       3 |  12.0
        D:9 |    1865 |    1542 |  45.3 |      27 |      15 |  35.7
       D:10 |    3084 |    5356 |  63.5 |      32 |      12 |  27.3
       D:11 |    4448 |       0 |   0.0 |      26 |       0 |   0.0
       D:12 |    2943 |    4131 |  58.4 |      23 |       7 |  23.3
       D:13 |    7165 |    5218 |  42.1 |      29 |      12 |  29.3
     Lair:1 |    3422 |       0 |   0.0 |      13 |       0 |   0.0
     Lair:2 |    5895 |    3920 |  39.9 |      25 |      22 |  46.8
     Lair:3 |    3016 |    2041 |  40.4 |      12 |      11 |  47.8
     Lair:4 |    5785 |     621 |   9.7 |      19 |       1 |   5.0
     Lair:5 |    6681 |    1020 |  13.2 |      30 |       4 |  11.8
     Lair:6 |    7308 |   10042 |  57.9 |      31 |      42 |  57.5
   Spider:1 |   16428 |    8998 |  35.4 |      51 |      13 |  20.3
   Spider:2 |   10792 |    2160 |  16.7 |      34 |      10 |  22.7
   Spider:3 |    8527 |    2547 |  23.0 |      28 |      23 |  45.1
   Spider:4 |     318 |       0 |   0.0 |       1 |       0 |   0.0
      Orc:1 |    1352 |     812 |  37.5 |      24 |       1 |   4.0
    Volcano |       0 |    4711 | 100.0 |       0 |      18 | 100.0
            +---------+---------+-------+---------+---------+-------
